[Event "December 5 Early 2023"]
[Site "https://www.chess.com"]
[Date "2023.12.05"]
[Round "10"]
[White "Jaiveer Mahendru"]
[Black "Iljin, Timofey"]
[Result "1-0"]
[Board "73"]
[TimeControl "180+1"]
[WhiteFideId "25611151"]
[BlackFideId "14110180"]
[WhiteElo "2598"]
[BlackElo "2484"]
[WhiteTeam "IND"]
[BlackTeam "UKR"]
[WhiteClock "0:00:17"]
[BlackClock "0:00:02"]

1. f4 c5 2. Nf3 Nc6 3. g3 g6 4. Bg2 Bg7 5. O-O Nh6 6. e4 d6 7. Nc3 O-O 8. h3 f5 9. d3 Nf7 10. Nd5 e6 11. Ne3 e5 12. exf5 gxf5 13. fxe5 dxe5 14. Nh2 Nd6 15. Qh5 f4 16. gxf4 exf4 17. Neg4 Nd4 18. Nh6+ Bxh6 19. Qxh6 N6f5 20. Qh5 Be6 21. Bxf4 Bd5 22. Be5 Bxg2 23. Qg4+ Kf7 24. Rxf5+ Nxf5 25. Qxf5+ Ke7 26. Qxh7+ Rf7 27. Qh4+ Ke6 28. Qh6+ Kxe5 29. Re1+ Kf5 30. Ng4 Qg5 31. Re5+ Kf4 32. Qxg5+ Kf3 33. Re3# 1-0

[Event "December 5 Early 2023"]
[Site "https://www.chess.com"]
[Date "2023.12.05"]
[Round "10"]
[White "Swicarz, Maciej"]
[Black "Navarrete Mendez, Gonzalo Alberto"]
[Result "0-1"]
[Board "74"]
[TimeControl "180+1"]
[WhiteFideId "1113585"]
[BlackFideId "5106850"]
[WhiteElo "2455"]
[BlackElo "2597"]
[WhiteTeam "POL"]
[BlackTeam "MEX"]
[WhiteClock "0:00:24"]
[BlackClock "0:01:14"]

1. e4 e5 2. Nf3 Nc6 3. c3 d5 4. Qa4 Nf6 5. Nxe5 Bd6 6. Nxc6 bxc6 7. exd5 O-O 8. d4 Re8+ 9. Be3 Ng4 10. Be2 Nxe3 11. fxe3 Qh4+ 12. Kd1 Rxe3 13. Qxc6 Rb8 14. Nd2 Qf2 15. Re1 Bg4 16. Qa6 Rbe8 17. Nf3 Qxg2 18. Ne5 Bxe5 19. dxe5 R3xe5 20. Kc2 Bxe2 0-1

[Event "December 5 Early 2023"]
[Site "https://www.chess.com"]
[Date "2023.12.05"]
[Round "10"]
[White "Sai Han Thiha"]
[Black "Shubenkova, Veronika"]
[Result "0-1"]
[Board "75"]
[TimeControl "180+1"]
[WhiteFideId "13012290"]
[BlackFideId "44124040"]
[WhiteElo "2441"]
[BlackElo "2591"]
[WhiteTeam "MYA"]
[BlackTeam "RUS"]
[WhiteClock "0:00:00"]
[BlackClock "0:00:09"]

1. Nf3 d5 2. g3 e6 3. Bg2 f5 4. O-O Nf6 5. b3 c6 6. c4 Bd6 7. Ba3 O-O 8. d4 Ne4 9. Ne5 Bxa3 10. Nxa3 Nd7 11. Nd3 Qe7 12. Nc2 b6 13. f3 Nd6 14. Ne5 Nxe5 15. dxe5 Nf7 16. f4 Bb7 17. e3 Rfd8 18. Qe2 a5 19. Nd4 Rd7 20. cxd5 cxd5 21. Rfc1 Nd8 22. Qb5 Ra6 23. a4 h6 24. Rc3 Kh7 25. Rac1 Qf7 26. Bf1 Re7 27. Qe2 Ra8 28. Qc2 Ba6 29. Bxa6 Rxa6 30. Rc8 Nb7 31. Qe2 Nc5 32. R1xc5 bxc5 33. Qxa6 cxd4 34. exd4 Qh5 35. Qd3 g5 36. fxg5 Qxg5 37. Kg2 Qg4 38. h3 Qg5 39. Rc6 h5 40. h4 Qg6 41. Qe3 Rg7 42. Qg5 Qe8 43. Qc1 Qg6 44. Rc3 Qg4 45. Qd2 f4 46. Qd3+ Kh6 47. Qf3 Qf5 48. Qf2 Qe4+ 49. Kh2 fxg3+ 50. Rxg3 Qxh4+ 51. Kg2 Rxg3+ 52. Qxg3 Qxg3+ 53. Kxg3 Kg5 54. b4 axb4 55. a5 b3 56. a6 b2 57. a7 b1=Q 58. a8=Q Qg1+ 59. Kf3 Qxd4 60. Qh8 Qe4+ 61. Kf2 Qf4+ 62. Kg2 Qg4+ 63. Kf2 Kf4 64. Ke1 Ke4 65. Qf6 d4 66. Kd2 d3 0-1

[Event "December 5 Early 2023"]
[Site "https://www.chess.com"]
[Date "2023.12.05"]
[Round "10"]
[White "Herman, Daniel"]
[Black "Ianovsky, Matias Manuel"]
[Result "0-1"]
[Board "76"]
[TimeControl "180+1"]
[WhiteFideId "30935008"]
[BlackFideId "112470"]
[WhiteElo "2433"]
[BlackElo "2589"]
[WhiteTeam "USA"]
[BlackTeam "ARG"]
[WhiteClock "0:00:00"]
[BlackClock "0:00:20"]

1. d4 Nf6 2. c4 g6 3. Nc3 d5 4. h4 h5 5. Bg5 Bg7 6. e3 Ne4 7. Nxe4 dxe4 8. Ne2 c5 9. Qc2 Nc6 10. dxc5 Qa5+ 11. Nc3 Bf5 12. O-O-O Nb4 13. Qa4+ Qxa4 14. Nxa4 Nxa2+ 15. Kb1 Nb4 16. Be2 e5 17. Rd6 O-O 18. g4 hxg4 19. h5 f6 20. h6 fxg5 21. hxg7 Kxg7 22. Nc3 Rh8 23. Rg1 Rh4 24. Nd5 Nd3 25. Ne7 Nxf2 26. Rf1 g3 27. Rg1 Rh1 28. Rxh1 Nxh1 29. Bf1 Rh8 30. Rd2 Nf2 31. Bg2 Rh2 0-1

[Event "December 5 Early 2023"]
[Site "https://www.chess.com"]
[Date "2023.12.05"]
[Round "10"]
[White "Rangel, Daniel"]
[Black "Bolat, Inayat"]
[Result "0-1"]
[Board "77"]
[TimeControl "180+1"]
[WhiteFideId "2124475"]
[BlackFideId "13733125"]
[WhiteElo "2529"]
[BlackElo "2429"]
[WhiteTeam "BRA"]
[BlackTeam "KAZ"]
[WhiteClock "0:00:00"]
[BlackClock "0:00:18"]

1. c4 Nf6 2. g3 g6 3. Bg2 Bg7 4. Nc3 O-O 5. e4 d6 6. d3 c5 7. Nge2 e5 8. O-O Nc6 9. h3 Ne8 10. f4 f5 11. Be3 Nc7 12. Qd2 Ne6 13. Nd5 Ned4 14. Bxd4 Nxd4 15. Nxd4 cxd4 16. exf5 Bxf5 17. g4 Be6 18. Rae1 Kh8 19. Be4 Bxd5 20. Bxd5 Rxf4 21. Rxf4 Bh6 22. Rf8+ Qxf8 23. g5 Bg7 24. Rf1 Qc8 25. Kg2 Qd8 26. Rf7 Rc8 27. h4 Rc7 28. Qf2 Qc8 29. Kg3 e4 30. Bxe4 Be5+ 31. Kg2 Qg4+ 32. Kf1 Qh3+ 33. Ke2 Qg4+ 34. Kd2 d5 35. Rf8+ Kg7 36. Rg8+ Kxg8 37. Bxd5+ Kg7 38. h5 Qf4+ 0-1

[Event "December 5 Early 2023"]
[Site "https://www.chess.com"]
[Date "2023.12.05"]
[Round "10"]
[White "Bold, Andre"]
[Black "Hua, Lefong"]
[Result "0-1"]
[Board "78"]
[TimeControl "180+1"]
[WhiteFideId "16208471"]
[BlackFideId "2602253"]
[WhiteElo "2492"]
[BlackElo "2691"]
[WhiteTeam "GER"]
[BlackTeam "CAN"]
[WhiteClock "0:01:32"]
[BlackClock "0:01:52"]

1. Nf3 Nf6 2. e3 g6 3. b3 Bg7 4. Bb2 O-O 5. Be2 c5 6. O-O Nc6 7. c4 d6 8. Nc3 a6 9. d4 cxd4 10. exd4 d5 11. c5 Ne4 12. a3 Bg4 13. Na4 Rb8 14. h3 Bxf3 15. Bxf3 e5 16. Bxe4 dxe4 17. d5 Nd4 18. d6 b5 19. Nb6 Rxb6 20. cxb6 Qxb6 21. Re1 f5 22. d7 Rd8 23. Bxd4 exd4 24. f3 d3+ 25. Kh2 Bxa1 26. Qxa1 Qd6+ 27. Kh1 d2 28. Rf1 e3 29. Qd1 Rxd7 0-1

[Event "December 5 Early 2023"]
[Site "https://www.chess.com"]
[Date "2023.12.05"]
[Round "10"]
[White "Sadubayev, Airat"]
[Black "Ljukin, Sergei"]
[Result "0-1"]
[Board "79"]
[TimeControl "180+1"]
[WhiteFideId "13713264"]
[BlackFideId "14102200"]
[WhiteElo "2659"]
[BlackElo "2485"]
[WhiteTeam "KAZ"]
[BlackTeam "UKR"]
[WhiteClock "0:00:07"]
[BlackClock "0:00:19"]

1. d4 d5 2. c4 c6 3. cxd5 cxd5 4. Nc3 Nf6 5. Bf4 Nc6 6. Nf3 Bf5 7. e3 e6 8. Qb3 Bb4 9. Bb5 O-O 10. Bxc6 Bxc3+ 11. Qxc3 bxc6 12. O-O Qb6 13. Ne5 Rfc8 14. b4 Ne4 15. Qb2 a5 16. a3 g5 17. f3 gxf4 18. fxe4 Bxe4 19. Rxf4 axb4 20. Nxf7 b3 21. Nd6 Rf8 22. Raf1 Bg6 23. e4 Rxf4 24. Rxf4 e5 25. Rf2 Qxd4 26. Qxb3 Rf8 27. Qg3 Qd1+ 28. Rf1 Qxf1# 0-1

[Event "December 5 Early 2023"]
[Site "https://www.chess.com"]
[Date "2023.12.05"]
[Round "10"]
[White "Kovalevsky, Stanislav"]
[Black "Shyam, Sundar M."]
[Result "1-0"]
[Board "80"]
[TimeControl "180+1"]
[WhiteFideId "13508598"]
[BlackFideId "5019141"]
[WhiteElo "2483"]
[BlackElo "2655"]
[WhiteTeam "FID"]
[BlackTeam "IND"]
[WhiteClock "0:00:12"]
[BlackClock "0:00:32"]

1. e4 c5 2. c3 e6 3. d4 d5 4. exd5 exd5 5. Nf3 Nc6 6. Be3 Nf6 7. h3 c4 8. Nbd2 Bd6 9. b3 cxb3 10. axb3 O-O 11. Bd3 Re8 12. O-O Bc7 13. c4 Qd6 14. Re1 Nb4 15. Bb1 Ne4 16. Nf1 Nc3 17. Qd2 Nxb1 18. Raxb1 Bf5 19. c5 Qa6 20. Qxb4 Bxb1 21. Rxb1 h6 22. Qc3 Re6 23. b4 Qb5 24. Bd2 Rg6 25. Ne3 Rd8 26. Nf5 Rf6 27. Qc2 Re8 28. Re1 Rxe1+ 29. Bxe1 Qd7 30. g4 g6 31. Ne5 Bxe5 32. dxe5 Ra6 33. Nxh6+ Kh7 34. Bd2 Ra1+ 35. Kh2 d4 36. Qe4 Ra2 37. Qf4 d3 38. Nxf7 Kg8 39. Ng5 Qd5 40. e6 Rxd2 41. Qxd2 Qe5+ 42. Kg2 Qe2 43. Qxe2 dxe2 44. Nf3 1-0

[Event "December 5 Early 2023"]
[Site "https://www.chess.com"]
[Date "2023.12.05"]
[Round "10"]
[White "Souleidis, Georgios"]
[Black "Dobre, Claudiu-Cristian"]
[Result "1-0"]
[Board "81"]
[TimeControl "180+1"]
[WhiteFideId "4206827"]
[BlackFideId "1211854"]
[WhiteElo "2651"]
[BlackElo "2476"]
[WhiteTeam "GRE"]
[BlackTeam "ROU"]
[WhiteClock "0:00:14"]
[BlackClock "0:00:00"]

1. e4 Nc6 2. Nf3 d6 3. d4 Nf6 4. d5 Ne5 5. Nxe5 dxe5 6. Bd3 e6 7. c4 c6 8. dxc6 bxc6 9. O-O Bc5 10. Qe2 a5 11. Nd2 a4 12. Nf3 Nd7 13. Rd1 O-O 14. Bg5 f6 15. Bd2 Qb6 16. Bc3 Bb4 17. Qe1 Rb8 18. Rab1 Nc5 19. Bc2 Ba6 20. b3 axb3 21. axb3 Kf7 22. Ra1 Ke7 23. Qe3 Rfd8 24. Rxd8 Rxd8 25. Rxa6 Qb7 26. Ra1 Rd7 27. Qe1 Na6 28. h3 Bxc3 29. Qxc3 Nb4 30. Rd1 c5 31. Kf1 Qa7 32. Rxd7+ Qxd7 33. Ke2 Qa7 34. Qb2 Qa8 35. Bb1 Qd8 36. Ne1 g5 37. Nd3 Qb6 38. Nxb4 cxb4 39. Qd2 Kf7 40. Bc2 Qc5 41. Qe3 Qd6 42. c5 Qa6+ 43. Qd3 Qc6 44. Qc4 1-0

[Event "December 5 Early 2023"]
[Site "https://www.chess.com"]
[Date "2023.12.05"]
[Round "10"]
[White "Papasimakopoulos, Alexandros"]
[Black "NovakRatko"]
[Result "1-0"]
[Board "82"]
[TimeControl "180+1"]
[WhiteFideId "4244125"]
[WhiteElo "2638"]
[BlackElo "2475"]
[WhiteTeam "GRE"]
[WhiteClock "0:00:20"]
[BlackClock "0:00:08"]

1. d4 d5 2. c4 c5 3. cxd5 Qxd5 4. Nf3 cxd4 5. Nc3 Qa5 6. Nxd4 e5 7. Nb3 Qc7 8. Nd5 Qd6 9. e4 Nf6 10. Bb5+ Nc6 11. Nxf6+ Qxf6 12. O-O Be7 13. Na5 O-O 14. Nxc6 bxc6 15. Bc4 Rd8 16. Qe2 Bc5 17. Be3 Bb6 18. Rac1 Be6 19. b3 Bd4 20. Bd2 c5 21. Bxe6 Qxe6 22. Rc2 a5 23. h3 a4 24. b4 cxb4 25. Bxb4 Rdc8 26. a3 f5 27. Rfc1 Rxc2 28. Qxc2 fxe4 29. Qxe4 Rc8 30. Rc2 Rxc2 31. Qxc2 Qb3 32. Qc8+ Kf7 33. Qf5+ Ke8 34. Qxh7 Qd1+ 35. Kh2 Qe2 36. Qg8+ Kd7 37. Qxg7+ Ke6 38. Qg4+ Qxg4 39. hxg4 Bxf2 40. g3 e4 41. Kg2 Bd4 42. Bd2 Bc5 43. Bc1 Ke5 44. Kf1 Kd4 45. Ke2 Bd6 46. g5 Kd5 47. Bb2 Bxg3 48. g6 Ke6 49. Ke3 Bh4 50. Kxe4 Bf6 51. Bc1 Be7 52. Kd3 Kf6 53. Bg5+ Ke6 54. Bxe7 Kxe7 55. Kc4 Ke6 56. Kb5 Kf6 57. Kxa4 Kxg6 58. Kb5 Kf6 59. Kc6 Ke7 60. a4 Kd8 61. Kb7 Kd7 62. a5 1-0

[Event "December 5 Early 2023"]
[Site "https://www.chess.com"]
[Date "2023.12.05"]
[Round "10"]
[White "Mestnikov, Aisen"]
[Black "Skliarov, Viktor"]
[Result "0-1"]
[Board "83"]
[TimeControl "180+1"]
[WhiteFideId "34130117"]
[BlackFideId "14106736"]
[WhiteElo "2466"]
[BlackElo "2611"]
[WhiteTeam "RUS"]
[BlackTeam "UKR"]
[WhiteClock "0:00:00"]
[BlackClock "0:00:07"]

1. d4 Nf6 2. c4 e6 3. g3 c5 4. d5 exd5 5. cxd5 b5 6. Bg2 d6 7. Nf3 g6 8. O-O Bg7 9. e4 O-O 10. e5 dxe5 11. Nxe5 Bb7 12. Nc6 Qd7 13. Bf4 Nxc6 14. dxc6 Bxc6 15. Qxd7 Bxd7 16. Bxa8 Rxa8 17. Be5 Re8 18. f4 Ng4 19. Bxg7 Kxg7 20. h3 Ne3 21. Rc1 c4 22. Na3 a6 23. Re1 b4 24. Nxc4 Nxc4 25. Rxe8 Bxe8 26. b3 Nd6 27. Rd1 Ne4 28. Rd4 Nc3 29. Rxb4 Nxa2 30. Rd4 Nc1 31. Rb4 Bb5 32. Kg2 Kf6 33. Kf3 Nd3 34. Rd4 Nc5 35. b4 Ne6 36. Rd6 h5 37. g4 hxg4+ 38. hxg4 Ke7 39. Rb6 Nd4+ 40. Ke4 Nc6 41. f5 gxf5+ 42. Kxf5 Nxb4 43. g5 Nd5 44. Rb7+ Bd7+ 45. Ke5 Ne3 46. Ra7 a5 47. Ke4 Nc4 48. Kd4 Nd6 49. Rxa5 Nf5+ 50. Ke5 Ng7 51. Ra7 Ne6 52. Rb7 Nxg5 53. Ra7 Ne6 54. Ra5 Nd8 55. Ra1 f6+ 56. Kd5 Be6+ 57. Ke4 Nf7 58. Rf1 Nd6+ 59. Kd4 Nf5+ 60. Ke4 Ng3+ 61. Kf3 Nxf1 62. Kf2 Nd2 63. Ke3 Nc4+ 64. Kd4 f5 0-1

[Event "December 5 Early 2023"]
[Site "https://www.chess.com"]
[Date "2023.12.05"]
[Round "10"]
[White "Toman, Ondrej"]
[Black "Mizzi, Jack"]
[Result "1/2-1/2"]
[Board "84"]
[TimeControl "180+1"]
[WhiteFideId "344516"]
[BlackFideId "5602521"]
[WhiteElo "2582"]
[BlackElo "2460"]
[WhiteTeam "CZE"]
[BlackTeam "MLT"]
[WhiteClock "0:00:04"]
[BlackClock "0:00:11"]

1. d4 Nf6 2. Bg5 d5 3. Nd2 Nbd7 4. e3 h6 5. Bh4 c6 6. f4 e6 7. Ngf3 Be7 8. Bd3 Ng4 9. Bxe7 Qxe7 10. Qe2 f5 11. h3 Ngf6 12. Ne5 Nxe5 13. dxe5 Ne4 14. Bxe4 fxe4 15. c3 b6 16. O-O a5 17. Qh5+ Qf7 18. Qh4 Ba6 19. Rf2 Rf8 20. c4 Qe7 21. Qh5+ Qf7 22. Qg4 O-O-O 23. Rc1 Kb8 24. cxd5 cxd5 25. Nb3 Rc8 26. Rfc2 Rxc2 27. Rxc2 g5 28. Rc6 Ka7 29. Rxe6 Bc8 30. f5 Bxe6 31. fxe6 Qf2+ 32. Kh2 Qxe3 33. e7 Rf1 34. Qd7+ Ka6 35. Qc8+ Ka7 36. Qd7+ Ka6 37. Qc8+ Ka7 38. Qc7+ Ka6 39. Nc5+ bxc5 40. Qc6+ Ka7 41. Qc7+ Ka6 42. Qc6+ Ka7 43. Qc7+ Ka6 1/2-1/2

[Event "December 5 Early 2023"]
[Site "https://www.chess.com"]
[Date "2023.12.05"]
[Round "10"]
[White "Kazmaier, Daniel"]
[Black "Saravana, Krishnan P."]
[Result "0-1"]
[Board "85"]
[TimeControl "180+1"]
[WhiteFideId "2606089"]
[BlackFideId "5018382"]
[WhiteElo "2451"]
[BlackElo "2550"]
[WhiteTeam "CAN"]
[BlackTeam "IND"]
[WhiteClock "0:00:11"]
[BlackClock "0:00:18"]

1. d4 Nf6 2. Bg5 Ne4 3. Bf4 e6 4. f3 Bd6 5. fxe4 Bxf4 6. Nf3 O-O 7. g3 Be3 8. Nc3 c5 9. d5 exd5 10. Nxd5 Bh6 11. Bg2 d6 12. O-O Nc6 13. c3 Be6 14. Nh4 Ne5 15. Nf5 Bg5 16. Qb3 g6 17. h4 gxf5 18. hxg5 Qxg5 19. exf5 Bxd5 20. Qxd5 Kh8 21. Qxd6 f6 22. Rad1 Qxg3 23. Rd3 Qg5 24. Rh3 Rg8 25. Rf2 Rg7 26. Kh1 Rag8 27. Qxc5 Ng4 28. Bf1 Nxf2+ 29. Qxf2 Rd8 30. Kh2 Rd1 31. b3 Qg4 32. c4 h5 33. c5 Kh7 34. b4 Rd4 35. b5 Rf4 36. Qg2 Qxf5 37. Rf3 Rxg2+ 38. Bxg2 Rxf3 39. Bxf3 Qxc5 40. Be4+ Kg7 41. Bd3 Qe5+ 42. Kg2 b6 43. Kh3 h4 44. Kxh4 Qf4+ 45. Kh3 f5 46. Kg2 Qg4+ 47. Kf2 f4 48. Ke1 Qg3+ 49. Kd2 Kf6 50. Kc3 Ke5 51. Kc4 Qe3 52. a4 f3 53. Kb3 fxe2 0-1

[Event "December 5 Early 2023"]
[Site "https://www.chess.com"]
[Date "2023.12.05"]
[Round "10"]
[White "Erzhanov, Arman"]
[Black "Kiremitciyan, Ari"]
[Result "1/2-1/2"]
[Board "86"]
[TimeControl "180+1"]
[WhiteFideId "4138821"]
[BlackFideId "6373445"]
[WhiteElo "2548"]
[BlackElo "2420"]
[WhiteTeam "KAZ"]
[BlackTeam "TUR"]
[WhiteClock "0:00:44"]
[BlackClock "0:01:16"]

1. e4 c6 2. d4 d5 3. exd5 cxd5 4. Bd3 Nf6 5. h3 Nc6 6. c3 g6 7. Nf3 Bf5 8. Be2 Bg7 9. O-O Bxb1 10. Rxb1 O-O 11. Bf4 e6 12. Re1 Rc8 13. Ne5 Nxe5 14. Bxe5 Nd7 15. Bxg7 Kxg7 16. Bf1 a6 17. g3 Nb6 18. h4 h5 19. Bd3 Nc4 20. Bxc4 Rxc4 21. Re5 b5 22. a3 Qf6 23. Qe2 Rfc8 24. Re3 a5 25. Rf3 Qe7 26. Qe5+ Kg8 27. Re1 Qc7 28. Qf6 Qd8 29. Qe5 R4c6 30. Kg2 b4 31. axb4 axb4 32. cxb4 Qd6 33. Qg5 Qxb4 34. Re2 Qxd4 35. Rf6 Kg7 36. Rf4 Qa7 37. Qf6+ Kg8 38. g4 e5 39. Qxe5 Re6 40. Qxd5 Rxe2 41. gxh5 Qa8 42. Qxa8 Rxa8 43. hxg6 fxg6 44. Rg4 Kh7 45. Rg5 Rxb2 46. h5 gxh5 47. Rxh5+ Kg6 48. Rh1 Ra5 49. Rd1 Rg5+ 50. Kf3 Rf5+ 51. Ke4 Rb1 52. Rxb1 Rxf2 53. Rg1+ Kf6 54. Rg8 Kf7 55. Rg5 Rf6 56. Rc5 Re6+ 57. Kf5 Rf6+ 58. Kg5 Rg6+ 59. Kh5 Rg1 60. Rc7+ Kf6 61. Kh4 Kf5 62. Kh3 Kf4 63. Kh2 Rg8 64. Rc4+ Kf3 65. Rc3+ Kf2 66. Rc2+ Kf3 67. Rc3+ Kf2 68. Rc2+ Kf3 69. Rc3+ 1/2-1/2

[Event "December 5 Early 2023"]
[Site "https://www.chess.com"]
[Date "2023.12.05"]
[Round "10"]
[White "Tymrakiewicz, Rafal"]
[Black "Santos Flores, Alberto"]
[Result "0-1"]
[Board "87"]
[TimeControl "180+1"]
[WhiteFideId "1108832"]
[BlackFideId "3601234"]
[WhiteElo "2421"]
[BlackElo "2548"]
[WhiteTeam "POL"]
[BlackTeam "ECU"]
[WhiteClock "0:00:00"]
[BlackClock "0:00:28"]

1. d4 d5 2. Bg5 Bf5 3. e3 Nd7 4. c4 c6 5. Nc3 Ngf6 6. cxd5 cxd5 7. Qb3 Qb6 8. Bxf6 Nxf6 9. Bb5+ Bd7 10. Bxd7+ Kxd7 11. Nxd5 Qxb3 12. Nxf6+ exf6 13. axb3 Bb4+ 14. Kd1 a6 15. Ne2 Rac8 16. Rc1 f5 17. Rc4 a5 18. Nc3 Rxc4 19. bxc4 Bxc3 20. bxc3 Rc8 21. c5 b6 22. cxb6 Rxc3 23. Kd2 Rb3 24. Ra1 Rb2+ 25. Kc3 Rxf2 26. d5 Re2 27. Rxa5 Rxe3+ 28. Kc4 Kd6 29. Rb5 Re4+ 30. Kd3 Re8 31. b7 Rb8 32. Kd4 f6 33. Rb6+ Kc7 34. Kc5 f4 35. d6+ Kd7 36. Kd5 g5 37. Rb4 g4 38. Kc5 f3 39. gxf3 gxf3 40. Kb6 Kxd6 41. Rd4+ Ke5 42. Rc4 f2 43. Rc1 Ke4 0-1

[Event "December 5 Early 2023"]
[Site "https://www.chess.com"]
[Date "2023.12.05"]
[Round "10"]
[White "Hajiyev, Kanan"]
[Black "Buchenau, Frank"]
[Result "0-1"]
[Board "88"]
[TimeControl "180+1"]
[WhiteFideId "13404148"]
[BlackFideId "4604350"]
[WhiteElo "2545"]
[BlackElo "2397"]
[WhiteTeam "AZE"]
[BlackTeam "GER"]
[WhiteClock "0:00:58"]
[BlackClock "0:01:02"]

1. d4 e6 2. Nf3 Nf6 3. c4 b6 4. Nc3 Bb4 5. Qb3 c5 6. a3 Ba5 7. e3 Ne4 8. Bd2 Nxd2 9. Nxd2 Nc6 10. Nf3 O-O 11. d5 Ne7 12. Rd1 exd5 13. cxd5 d6 14. Be2 a6 15. O-O b5 16. e4 Ng6 17. Rfe1 Nf4 18. Bf1 Bg4 19. Ne2 c4 20. Qe3 Nd3 21. Ned4 Nxe1 22. Rxe1 Bxe1 23. Nxe1 Re8 24. h3 Bd7 25. g4 Rc8 26. Ng2 Qc7 27. Nh4 c3 28. Nhf5 Bxf5 29. Nxf5 c2 30. Qc1 Rxe4 31. Bd3 Re1+ 32. Qxe1 c1=Q 0-1

[Event "December 5 Early 2023"]
[Site "https://www.chess.com"]
[Date "2023.12.05"]
[Round "10"]
[White "Kolmagorov, Alexey"]
[Black "Devaev, Alexander"]
[Result "0-1"]
[Board "89"]
[TimeControl "180+1"]
[WhiteFideId "34129402"]
[BlackFideId "4169395"]
[WhiteElo "2385"]
[BlackElo "2523"]
[WhiteTeam "RUS"]
[BlackTeam "RUS"]
[WhiteClock "0:00:00"]
[BlackClock "0:00:27"]

1. d4 Nf6 2. c4 e6 3. g3 c5 4. d5 exd5 5. cxd5 d6 6. Nc3 g6 7. Bg2 Bg7 8. Nf3 O-O 9. O-O Na6 10. Bf4 Nc7 11. a4 Re8 12. Re1 Ne4 13. Ra3 Nxc3 14. bxc3 b5 15. Bg5 Qd7 16. Qb3 bxa4 17. Qa2 Nb5 18. Bd2 Nxa3 19. Qxa3 Ba6 20. e4 Bc4 21. Bf4 Rab8 22. Nd2 Bb3 23. Rb1 Bxc3 24. Nxb3 axb3 25. Rxb3 Rxb3 26. Qxb3 Be5 27. Bh6 Qc7 28. h4 Rb8 29. Qf3 a5 30. h5 a4 31. hxg6 hxg6 32. Bh3 Qe7 33. Qa3 Rb4 34. Bg2 Qa7 35. f4 Bd4+ 36. Kh2 Rb3 37. Qa2 c4 38. e5 a3 39. e6 Qe7 40. Qc2 Rc3 41. Qa4 Bg7 42. exf7+ Qxf7 43. Bxg7 Kxg7 44. Be4 Qe7 45. Bb1 Qe2+ 46. Kh3 Qe7 47. Kh2 Rb3 0-1

[Event "December 5 Early 2023"]
[Site "https://www.chess.com"]
[Date "2023.12.05"]
[Round "10"]
[White "Eugene, Floryan"]
[Black "Vorons, Uldis"]
[Result "1/2-1/2"]
[Board "90"]
[TimeControl "180+1"]
[WhiteFideId "20694784"]
[BlackFideId "11611758"]
[WhiteElo "2515"]
[BlackElo "2360"]
[WhiteTeam "FRA"]
[BlackTeam "LAT"]
[WhiteClock "0:00:13"]
[BlackClock "0:00:03"]

1. d4 d5 2. c4 e6 3. Nf3 Nf6 4. Nc3 c5 5. g3 dxc4 6. Qa4+ Nc6 7. dxc5 Bxc5 8. Bg2 O-O 9. Qxc4 b6 10. O-O Qc7 11. Bf4 e5 12. Bg5 Be6 13. Qh4 Be7 14. Rac1 h6 15. Bxf6 Bxf6 16. Qa4 Rac8 17. Nb5 Qe7 18. Rfd1 Rfd8 19. Rxd8+ Rxd8 20. Rxc6 a6 21. Nc3 Bd7 22. Qc4 b5 23. Qc5 Bxc6 24. Qxc6 b4 25. Nd5 Qe6 26. Qxe6 fxe6 27. Nxb4 Rd1+ 28. Bf1 e4 29. Nh4 Bxb2 30. Nxa6 Ba3 31. Nc7 Kf7 32. Ng2 Rb1 33. e3 g5 34. Nb5 Bb4 35. a3 Bc5 36. Nc3 Ra1 37. Nxe4 Bxa3 38. h4 Kg6 39. f3 Bb2 40. Kf2 Be5 41. f4 Ra2+ 42. Be2 gxf4 43. Nxf4+ Bxf4 44. gxf4 e5 45. h5+ Kf5 46. Ng3+ Kf6 47. Kf3 exf4 48. exf4 Ra3+ 49. Kg4 Ra4 50. Bf3 Ra1 51. Ne4+ Ke6 52. Ng3 Rg1 53. Be4 Kf6 54. Bg6 Ke6 55. f5+ Ke5 56. Kf3 Ra1 57. Ne2 Ra3+ 58. Kf2 Ra2 59. Ke3 Ra3+ 60. Kd2 Rh3 61. Ng1 Rg3 62. Ne2 Rh3 63. Nc1 Rg3 64. Nd3+ Kf6 65. Kc3 Rg4 66. Nf2 Rf4 67. Nd3 Rh4 68. Kd2 Rg4 69. Ke3 Ra4 70. Nf2 Ke5 71. Ng4+ Rxg4 72. Kf3 Rf4+ 73. Kg3 Ra4 74. Kf3 Kf6 75. Ke3 Kg5 76. Kd3 Kf6 77. Kc3 Ke5 78. Kb3 Rf4 79. Kc2 Kd4 80. Kd2 Rf2+ 81. Ke1 Ke3 82. Kd1 Kd4 83. Ke1 Ke3 84. Kd1 Rf4 85. Kc2 Kd4 86. Kd2 Rf2+ 87. Ke1 1/2-1/2

[Event "December 5 Early 2023"]
[Site "https://www.chess.com"]
[Date "2023.12.05"]
[Round "10"]
[White "Zivic, Dragan"]
[Black "Krzywda, Andrzej"]
[Result "1-0"]
[Board "91"]
[TimeControl "180+1"]
[WhiteFideId "904740"]
[BlackFideId "1114565"]
[WhiteElo "2359"]
[BlackElo "2511"]
[WhiteTeam "SRB"]
[BlackTeam "POL"]
[WhiteClock "0:00:28"]
[BlackClock "0:00:05"]

1. c4 e6 2. Nc3 d5 3. cxd5 exd5 4. d4 Nf6 5. Bg5 c6 6. e3 h6 7. Bxf6 Qxf6 8. Nf3 Bd6 9. Bd3 O-O 10. h3 Re8 11. Qc2 Nd7 12. O-O-O b5 13. Kb1 Nb6 14. e4 Bb4 15. e5 Qe7 16. g4 Nc4 17. Rdg1 g6 18. h4 Be6 19. Ka1 a5 20. g5 h5 21. Bxg6 fxg6 22. Qxg6+ Qg7 23. Qxh5 Rf8 24. g6 Rxf3 25. Qxf3 Rf8 26. Qg3 a4 27. a3 Bxc3 28. Qxc3 Rxf2 29. h5 Qh6 30. Rf1 Qf4 31. Rxf2 Qxf2 32. h6 Bf5 33. h7+ Kh8 34. g7+ Kxg7 35. h8=Q+ Kf7 36. Qf6+ Ke8 37. Rh8+ Kd7 38. Qf7# 1-0

[Event "December 5 Early 2023"]
[Site "https://www.chess.com"]
[Date "2023.12.05"]
[Round "10"]
[White "GMVignirVatnar"]
[Black "Gruzman, Ilya"]
[Result "1-0"]
[Board "93"]
[TimeControl "180+1"]
[BlackFideId "2812703"]
[WhiteElo "2736"]
[BlackElo "2340"]
[BlackTeam "ISR"]
[WhiteClock "0:00:12"]
[BlackClock "0:00:00"]

1. Nc3 Nf6 2. e4 d6 3. d4 e5 4. Nf3 Nc6 5. Bc4 Bg4 6. dxe5 Nxe5 7. Be2 Be7 8. Nxe5 Bxe2 9. Nxf7 Bxd1 10. Nxd8 Bxc2 11. Nxb7 a5 12. f3 Bd3 13. Be3 O-O 14. Kd2 Bc4 15. Rhc1 Rfb8 16. Na4 Ba6 17. Nxa5 Bb5 18. Nc6 Bxc6 19. Rxc6 Rxa4 20. b3 Rxb3 21. axb3 Rxa1 22. Rxc7 Bf8 23. b4 d5 24. b5 dxe4 25. b6 Rb1 26. b7 Nd5 27. Rd7 Nxe3 28. Kxe3 exf3 29. gxf3 Rb4 30. Kd3 h6 31. Kc3 Kh7 32. Rf7 Bd6 33. Rd7 Bf8 34. h4 Kg6 35. Rc7 Kf5 36. Rf7+ Kg6 37. Rc7 Be7 38. Rxe7 Kf6 39. Kxb4 1-0

[Event "December 5 Early 2023"]
[Site "https://www.chess.com"]
[Date "2023.12.05"]
[Round "10"]
[White "Begunov, Konstantin"]
[Black "Ovetchkin, Roman"]
[Result "0-1"]
[Board "94"]
[TimeControl "180+1"]
[WhiteFideId "4118510"]
[BlackFideId "4119991"]
[WhiteElo "2430"]
[BlackElo "2625"]
[WhiteTeam "RUS"]
[BlackTeam "RUS"]
[WhiteClock "0:00:01"]
[BlackClock "0:00:49"]

1. d4 Nf6 2. c4 c5 3. Nf3 g6 4. Nc3 cxd4 5. Nxd4 Bg7 6. g3 O-O 7. Bg2 Nc6 8. O-O Qa5 9. Nc2 Qh5 10. e3 Qxd1 11. Rxd1 d6 12. b3 Bg4 13. f3 Be6 14. Bb2 Nd7 15. e4 Nc5 16. Kf2 a5 17. Rab1 Ne5 18. Bf1 a4 19. b4 Ncd7 20. Na3 Nb6 21. Nd5 Nxd5 22. cxd5 Bd7 23. Rdc1 f5 24. exf5 Bxf5 25. Ra1 Nd3+ 26. Bxd3 Bxb2 27. Bxf5 Rxf5 28. Nb5 Bxa1 29. Rxa1 Rc8 30. Rd1 Rc2+ 31. Kg1 Rxa2 32. Nd4 Rxd5 0-1